 Dungeon Crawl Stone Soup version 0.26-a0-317-ge2f3d4a7ca (webtiles) character file.

Game seed: 1600759426434459793

132 Gargoyl the Skirmisher (level 4, -6/37 HPs)
             Began as a Palentonga Abyssal Knight on July 16, 2020.
             Was a Believer of Lugonu.
             Killed by divine providence
             ... invoked by an orc priest
              (13 damage)
             ... on level 4 of the Dungeon.
             The game lasted 00:04:08 (3624 turns).

Gargoyl the Skirmisher (Palentonga Abyssal Knight)  Turns: 3624, Time: 00:04:09

Health: -6/37      AC:  5    Str: 12    XL:     4   Next: 92%
Magic:  6/6        EV: 10    Int: 15    God:    Lugonu [**....]
Gold:   189        SH:  0    Dex: 10    Spells: 3/3 levels left

rFire    + . .     SeeInvis +   a - +1 hand axe
rCold    + . .     Faith    .   (no shield)
rNeg     + . .     Spirit   .   d - +1 robe of Protective Custody {rPois rC+ Str-3 Int+2} (curse)
rPois    +         Reflect  .   (no helmet)
rElec    .         Harm     .   (no cloak)
rCorr    .                      (no gloves)
MR       .....                  (boots restricted)
Stlth    +.........             (no amulet)
HPRegen  0.12/turn              c - ring of protection from fire
MPRegen  0.10/turn              k - ring of positive energy

@: no status effects
A: large, rugged brown scales 3, see invisible, deformed body, roll, armoured
tail
a: Rolling Charge, Depart the Abyss, Bend Space, Renounce Religion


You were on level 4 of the Dungeon.
You worshipped Lugonu.
Lugonu was pleased with you.
You visited 1 branch of the dungeon, and saw 4 of its levels.
You visited the Abyss 1 time.

You collected 189 gold pieces.

Inventory:

Hand Weapons
 a - a +1 hand axe (weapon)
Missiles
 o - 4 boomerangs (quivered)
Armour
 b - a +0 leather armour
 d - the cursed +1 robe of Protective Custody (worn) {rPois rC+ Str-3 Int+2}
   (You found it on level 3 of the Abyss)

   It affects your strength (-3).
   It affects your intelligence (+2).
   It protects you from cold.
   It protects you from poison.
   It has a curse placed upon it.
 g - a +1 chain mail
Jewellery
 c - a ring of protection from fire (left hand)
 k - a ring of positive energy (right hand)
 m - a +4 ring of protection
Wands
 e - a wand of acid (3)
Scrolls
 f - a scroll of magic mapping
 l - a scroll of identify
 q - a scroll of fog


   Skills:
 + Level 3.5 Fighting
 + Level 3.2 Axes
 * Level 2.1 Armour
 * Level 2.0 Dodging
 * Level 2.7 Invocations


You had 3 spell levels left.
You didn't know any spells.
Your spell library was empty.

Dungeon Overview and Level Annotations

Branches:
Dungeon (4/15)             Temple (0/1) D:4

Altars:
Dithmenos
Makhleb
Vehumet

Annotations:
D:3 Grinder, Sigmund


Innate Abilities, Weirdness & Mutations

You are completely covered in rugged brown scales. (AC +3, +7% HP)
You have supernaturally acute eyesight. (SInv)
Armour fits poorly on your strangely shaped body.
You can roll at foes to attack.
You have a long armoured tail.


Message History

You tail-slap the orc priest, but do no damage.
The orc priest is severely wounded.
The orc priest barely misses you.
Unknown command.
You hit the orc priest but do no damage.
You tail-slap the orc priest.
The orc priest is almost dead.
The orc priest hits you but does no damage.
You hit the orc priest.
The orc priest is almost dead.
The orc priest barely misses you.
You aren't carrying any potions.
You hit the orc priest but do no damage.
The orc priest is almost dead.
The orc priest mumbles some strange prayers to Beogh against you.
Pain shoots through your body!
* * * LOW HITPOINT WARNING * * *
The orc priest mumbles some strange prayers to Beogh against you.
Beogh smites you!
You die...

*** ### *** *,***###.#***,#
*,,,,,....,,,.# *,*****#.####.##
*,* #.......#
******.######...@o..#**** *
,,,,,,........####......******* *
,*****........####,.....,,,,,,* *
,* *#..........#,,....******* *
,* #.########.#,,,...* ******
,*****#,*#######.#######****,,,**
,,,,,,,,,...............,,,,>,,,,
,******,*#######)#######****,,,,,
** *,* ####.##### *,,,,,


You could see an orc priest.

Vanquished Creatures
  5 adders
  3 worms (D:2)
  4 dart slugs
  6 orcs (D:4)
  4 giant cockroaches
  5 goblins (D:1)
  5 hobgoblins
  8 jackals
  7 kobolds
  A ball python (D:1)
  7 bats
  2 frilled lizards
  8 rats
65 creatures vanquished.

Vanquished Creatures (others)
  8 toadstools (D:4)
8 creatures vanquished.

Grand Total: 73 creatures vanquished

Notes
Turn   | Place    | Note
-------+----------+-------------------------------------------
     0 | Abyss:1  | Gargoyl the Palentonga Abyssal Knight began the quest for
                  | the Orb.
     0 | Abyss:1  | Reached XP level 1. HP: 19/19 MP: 2/2
    47 | Abyss:2  | Found a corrupted altar of Lugonu.
    95 | Abyss:3  | Got a distressingly furry robe
    96 | Abyss:3  | Noticed a small abomination
   109 | D:1      | Escaped the Abyss
   120 | D:1      | Identified the cursed +1 robe of Protective Custody {rPois
                  | rC+ Str-3 Int+2} (You found it on level 3 of the Abyss)
   451 | D:1      | Reached * piety under Lugonu
   451 | D:1      | Reached XP level 2. HP: 25/25 MP: 3/3
   455 | D:1      | Reached skill level 1 in Dodging
   794 | D:1      | Reached XP level 3. HP: 29/31 MP: 4/4
  1685 | D:2      | Found a shadowy altar of Dithmenos.
  1748 | D:2      | Reached XP level 4. HP: 24/37 MP: 5/5
  1754 | D:2      | Reached ** piety under Lugonu
  2556 | D:2      | Found a burning altar of Makhleb.
  2557 | D:2      | Found a radiant altar of Vehumet.
  2748 | D:3      | Noticed Grinder
  2753 | D:3      | Noticed Sigmund
  2763 | D:3      | Paralysed by Grinder for 6 turns
  2784 | D:3      | HP: 1/37 [Grinder/nerve-wracking pain (3)]
  3567 | D:4      | Found a staircase to the Ecumenical Temple.
  3624 | D:4      | Killed from afar by an orc priest

Illustrated notes

Levels and vault maps discovered:
D:1:      dpeg_arrival_snail, layout_basic, minmay_close_crescents
D:2:      layout_loops_ring, gammafunk_temple_overflow_pools,
          grunt_dithmenos_smoke
D:3:      layout_basic, lemuel_doored_altar, uniq_grinder, uniq_sigmund
D:4:      cheibrodos_fertilizer, layout_basic, zin_treasury,
          minmay_temple_entry_overgrown, uniq_purgy, uniq_duvessa

Skill      XL: |  1  2  3  4 |
---------------+-------------+-----
Dodging        | 1 2 |  2.0
Armour         | 2 |  2.1
Axes           | 3 |  3.2
Fighting       | |  3.5
Invocations    | |  2.7

Action                   |  1- 3 |  4- 6 || total
-------------------------+-------+-------++-------
Melee: Hand axe          |   121 |    91 ||   212
       Tailslap          |     7 |    10 ||    17
Invok: Depart the Abyss  |     1 |       ||     1
  Use: Scroll            |     5 |     6 ||    11
       Potion            |     1 |     6 ||     7
 Stab: Distracted        |       |     1 ||     1
Armor: Robe              |    66 |    47 ||   113
Dodge: Dodged            |    88 |    77 ||   165

Table legend:
 A = Non-vault XP
 B = Vault XP
 C = Vault XP percentage of total XP
 D = Non-vault monster count
 E = Vault monster count
 F = Vault count percentage of total count
                 A         B        C        D         E       F
            +---------+---------+-------+---------+---------+-------
      Total |     183 |       6 |   3.2 |      60 |       5 |   7.7
            +---------+---------+-------+---------+---------+-------
        D:1 |      43 |       6 |  12.2 |      26 |       5 |  16.1
        D:2 |      72 |       0 |   0.0 |      20 |       0 |   0.0
        D:3 |       9 |       0 |   0.0 |       4 |       0 |   0.0
        D:4 |      59 |       0 |   0.0 |      10 |       0 |   0.0
            +---------+---------+-------+---------+---------+-------
